 Dungeon Crawl Stone Soup version 0.31-a0-233-g139696dc86 (webtiles) character file.

Game seed: 15765469505003070324

518 qw the Shooter (level 7, -11/43 HPs)
             Began as a Gargoyle Hexslinger on July 7, 2023.
             Mangled by an ogre
             ... wielding a +0 giant club
              (26 damage)
             ... on level 5 of the Dungeon.
             The game lasted 00:01:12 (3165 turns).

qw the Shooter (Gargoyle Hexslinger)                Turns: 3165, Time: 00:01:12

Health: -11/43     AC: 10    Str: 12    XL:     7   Next: 21%
Magic:  8/8        EV: 10    Int: 13    God:
Gold:   162        SH:  0    Dex: 14    Spells: 7/8 levels left

rFire   . . .        f - +0 sling (heavy)
rCold   . . .        (no shield)
rNeg    + . .        j - +0 ring mail
rPois   inf          (no helmet)
rElec   +            (no cloak)
rCorr   .            (no gloves)
SInv    .            (no boots)
Will    .....        (no amulet)
Stlth   +            (no ring)
HPRegen 0.27/turn    (no ring)
MPRegen 0.11/turn

%: no passive effects
@: no status effects
A: sickness immunity, AC +4, negative energy resistance 1, electricity
resistance, torment resistance 1, petrification resistance
a: no special abilities


You were on level 5 of the Dungeon.
You visited 1 branch of the dungeon, and saw 5 of its levels.

You collected 162 gold pieces.


Innate Abilities, Weirdness & Mutations

You are immune to sickness and miasma.
Your stone body is resilient. (AC +4)
You are immune to poison.
You resist negative energy. (rN+)
You are resistant to electric shocks. (rElec)
You are resistant to unholy torment.
You are immune to petrification.


   Skills:
 - Level 4.0 Fighting
 + Level 6.3 Ranged Weapons
 - Level 2.1 Armour
 - Level 1.5 Dodging
 - Level 1.0 Spellcasting
 - Level 2.6 Hexes


You had 7 spell levels left.
You knew the following spells:

 Your Spells              Type           Power      Damage    Failure   Level
a - Slow                  Hex            28%        N/A       21%         1

Your spell library contained the following spells:

 Spells                   Type           Power      Damage    Failure   Level
 Inner Flame              Hex/Fire       4%         N/A       71%         3
 Portal Projectile        Hex/Tloc       8%         N/A       71%         3
 Cause Fear               Hex            3%         N/A       90%         4

Inventory:

Hand Weapons
 f - a +0 heavy sling (weapon)
Armour
 j - a +0 ring mail (worn)
Jewellery
 a - an amulet of reflection
 c - a ring of wizardry
Scrolls
 h - a scroll of identify
 k - a scroll of enchant armour
 m - a scroll of noise {unknown}
Potions
 b - a potion of haste {unknown}
 d - a potion of cancellation {unknown}
 e - a potion of heal wounds
 g - a potion of curing {unknown}
 i - a potion of attraction {unknown}
 l - a potion of enlightenment {unknown}

Dungeon Overview and Level Annotations

Branches:
Dungeon (5/15)
 Temple: D:4-7

Altars:
Ru

Portals:
Abyss: D:3

Annotations:
D:3 2 transporters, qw's ghost, amateur MiHs
D:4 1 runed translucent door, Crazy Yiuf


Message History

You shoot a sling bullet. The sling bullet hits the iguana!
The iguana is almost dead.
You shoot a sling bullet. The sling bullet hits the iguana.
The iguana is almost dead.
You shoot a sling bullet.
The sling bullet closely misses the iguana.
You shoot a sling bullet. The sling bullet hits the iguana.
You kill the iguana!
An iguana comes into view.
The iguana hisses angrily.
You see here a +0 robe.
Enter note:
Enter note:
Enter note: You shoot a sling bullet.
The sling bullet hits the iguana!
The iguana is severely wounded.
You shoot a sling bullet. The sling bullet hits the iguana!
You kill the iguana!
An ogre comes into view. It is wielding a +0 giant club.
The ogre shouts!
Enter note:
Enter note:
Enter note: You shoot a sling bullet.
The sling bullet hits the ogre but does no damage.
You shoot a sling bullet. The sling bullet hits the ogre!
The ogre is moderately wounded.
The ogre completely misses you.
You shoot a sling bullet.
The sling bullet barely misses the ogre.
The ogre misses you.
You shoot a sling bullet.
The sling bullet barely misses the ogre.
The ogre hits you with a +0 giant club!!
Ouch! That really hurt!
You shoot a sling bullet. The sling bullet hits the ogre!
The ogre is severely wounded.
The ogre hits you with a +0 giant club!!
Ouch! That really hurt!
You die...

## #. #. #########
#. #.......####.
#.###.[......
#######.#...#.####.
#.@.......#.#.# #.
#O#####.....#.# #.
#. #....##.# #. #.
#.#.###.# ### #.
#.......# #.. ..
###.##### #.# .. #.
##+## #.# ##
#.##...## #.#
#.#.....## #<#


You could see an ogre.

Vanquished Creatures
  A phantom (D:4)
  A scorpion (D:4)
  3 jellies (D:4)
  5 iguanas
  10 adders
  A worm (D:4)
  2 dart slugs
  5 orcs
  7 ball pythons
  6 endoplasms
  4 giant cockroaches
  7 goblins
  5 hobgoblins
  9 kobolds
  5 quokkas
  3 bats
  3 frilled lizards
  4 rats
81 creatures vanquished.

Notes
Turn   | Place    | Note
-------+----------+-------------------------------------------
     0 | D:1      | qw the Gargoyle Hexslinger began the quest for the Orb.
     0 | D:1      | Reached XP level 1. HP: 12/12 MP: 2/2
     0 | D:1      | 0 ||| qw: Version: 0.3-a-46-gb1f654a
     0 | D:1      | 0 ||| qw: Game counter: 3096
     0 | D:1      | 0 ||| qw: Melee chars always use a shield: true
     0 | D:1      | 0 ||| qw: God list: Okawaru
     0 | D:1      | 0 ||| qw: Allow faded altars: false
     0 | D:1      | 0 ||| qw: Do Orc after clearing Dungeon:15 true
     0 | D:1      | 0 ||| qw: Do second Lair branch before Depths: true
     0 | D:1      | 0 ||| qw: Lair rune preference: random
     0 | D:1      | 0 ||| qw: Goals: Normal
     0 | D:1      | 0 ||| PLANNING D:1-11
   106 | D:1      | Reached XP level 2. HP: 16/16 MP: 3/3
   109 | D:1      | 109 ||| SWAPPING to +0 heavy sling.
   110 | D:1      | 110 ||| DROPPING +1 sling.
   287 | D:1      | Reached skill level 3 in Ranged Weapons
   364 | D:1      | 364 ||| READING scroll labelled YDUNUE FACAIM.
   375 | D:1      | 375 ||| DROPPING scroll of poison.
   388 | D:1      | Found a faded altar of an unknown god.
   503 | D:2      | Reached XP level 3. HP: 21/21 MP: 4/4
   534 | D:2      | HP: 4/21 [kobold/+0 hand axe (3)]
   560 | D:2      | 560 ||| FLEEEEING.
   561 | D:2      | 561 ||| FLEEEEING.
  1213 | D:2      | 1213 ||| READING scroll labelled HUBBOY ICUFU.
  1342 | D:3      | Reached XP level 4. HP: 26/26 MP: 5/5
  1403 | D:3      | Reached skill level 4 in Ranged Weapons
  1488 | D:3      | Found a transporter.
  1492 | D:3      | Noticed a small abomination
  1515 | D:3      | Found a transporter.
  1557 | D:3      | Found a sacrificial altar of Ru.
  1679 | D:3      | Noticed qw's ghost (amateur MiHs)
  1681 | D:3      | Found a one-way gate to the infinite horrors of the Abyss.
  1886 | D:3      | 1886 ||| UPGRADING to +0 ring mail.
  1896 | D:3      | 1896 ||| DROPPING +0 robe.
  1897 | D:3      | 1897 ||| READING 2 scrolls labelled EPHIPL BAONG.
  1898 | D:3      | 1898 ||| READING scroll labelled MOXIAN YREMN.
  1899 | D:3      | 1899 ||| READING scroll labelled ISTRIL AHAE.
  1996 | D:4      | Reached XP level 5. HP: 30/30 MP: 6/6
  2329 | D:4      | Reached skill level 5 in Ranged Weapons
  2370 | D:4      | Noticed a phantom
  2380 | D:4      | Killed a phantom
  2381 | D:4      | Reached skill level 3 in Fighting
  2381 | D:4      | Reached XP level 6. HP: 24/37 MP: 7/7
  2684 | D:4      | Found a runed translucent door.
  2685 | D:4      | Noticed Crazy Yiuf
  2756 | D:4      | Reached skill level 6 in Ranged Weapons
  2788 | D:4      | Reached XP level 7. HP: 43/43 MP: 8/8
  2882 | D:4      | 2882 ||| READING scroll labelled DOHAPUW TIANI.
  2907 | D:4      | 2907 ||| READING scroll labelled XIMUDIPPUT.
  2908 | D:4      | 2908 ||| READING scroll labelled OZYENIALOF.
  2909 | D:4      | 2909 ||| DRINKING 2 emerald potions.
  2910 | D:4      | 2910 ||| READING 2 scrolls of identify.
  2910 | D:4      | 2910 ||| IDENTIFYING glowing pink potion
  2911 | D:4      | 2911 ||| DROPPING potion of degeneration.
  2961 | D:5      | Entered Level 5 of the Dungeon
  3165 | D:5      | Mangled by an ogre

Levels and vault maps discovered:
D:1:      sevenhm_arrival_forest_fort_small_6, layout_rooms,
          ebering_ecumenical_altar_petrified
D:2:      layout_basic, serial_glass, glass_columns_a, glass_columns_b,
          glass_columns_a, glass_columns_a, minivault_14
D:3:      layout_loops_ring, mainiacjoe_overflow_brackets,
          gammafunk_ghost_abyssal_escape, grunt_decor_junction
D:4:      layout_loops_ring, minmay_unequal, uniq_crazy_yiuf_cottage
D:5:      layout_loops_corners, uniq_duvessa

Skill      XL: |  1  2  3  4  5  6 |
---------------+-------------------+-----
Ranged Weapons | 3 4 5 6 |  6.3
Fighting       | 2 3 4 |  4.0
Armour         | 2 |  2.1
Dodging        | |  1.5
Spellcasting   | |  1.0
Hexes          | |  2.6

Action                     |  1- 3 |  4- 6 |  7- 9 || total
---------------------------+-------+-------+-------++-------
   Fire: Sling             |    80 |   139 |    22 ||   241
    Use: Scroll            |     2 |     3 |     4 ||     9
         Potion            |       |       |     1 ||     1
 Armour: Robe              |    13 |     2 |       ||    15
         Ring mail         |       |    73 |     7 ||    80
  Dodge: Dodged            |    27 |    71 |     7 ||   105

Table legend:
 A = Non-vault XP
 B = Vault XP
 C = Vault XP percentage of total XP
 D = Non-vault monster count
 E = Vault monster count
 F = Vault count percentage of total count
                 A         B        C        D         E       F
            +---------+---------+-------+---------+---------+-------
      Total |     585 |     155 |  20.9 |      78 |       3 |   3.7
            +---------+---------+-------+---------+---------+-------
        D:1 |      27 |       0 |   0.0 |      15 |       0 |   0.0
        D:2 |      43 |       0 |   0.0 |      19 |       0 |   0.0
        D:3 |      48 |       0 |   0.0 |      19 |       0 |   0.0
        D:4 |     376 |     155 |  29.2 |      21 |       3 |  12.5
        D:5 |      91 |       0 |   0.0 |       4 |       0 |   0.0
            +---------+---------+-------+---------+---------+-------
